 Dungeon Crawl Stone Soup version 0.21.1-1-g345015f (webtiles) character file.

861 4thArraOfDagon the Grave Robber (level 8, -5/57 HPs)
             Began as a Gnoll Necromancer on June 13, 2018.
             Was a Follower of Cheibriados.
             Slain by a killer bee (8 damage)
             ... on level 8 of the Dungeon.
             The game lasted 00:10:07 (1412 turns).

4thArraOfDagon the Grave Robber (Gnoll Necromancer) Turns: 1412, Time: 00:10:07

Health: -5/57      AC:  2    Str: 13    XL:     8   Next: 2%
Magic:  6/16       EV: 16    Int: 21    God:    Cheibriados [*.....]
Gold:   109        SH:  0    Dex: 18    Spells: 3/18 levels left

rFire    . . .     SeeInvis +   r - +0 broad axe
rCold    . . .     Gourm    .   (no shield)
rNeg     . . .     Faith    .   a - +0 robe
rPois    .         Spirit   .   j - +0 mask of the Dragon {MR+ Slay+3 SInv}
rElec    .         Reflect  .   (no cloak)
rCorr    .         Harm     .   (no gloves)
MR       +....                  (no boots)
Stlth    +++.......             q - amulet of regeneration
HPRegen  0.59/turn              (no ring)
MPRegen  0.15/turn              (no ring)

@: lethally poisoned (-5 -> -28), very slightly contaminated, drained, very slow
A: distributed training, fangs 1, strong nose
a: Bend Time, Renounce Religion


You were on level 8 of the Dungeon.
You worshipped Cheibriados.
Cheibriados was aware of your devotion.
You were not hungry.

You visited 2 branches of the dungeon, and saw 9 of its levels.

You collected 109 gold pieces.

Inventory:

Hand Weapons
 r - a +0 broad axe (weapon)
Missiles
 f - 4 curare-tipped needles
Armour
 a - a +0 robe (worn)
 j - the +0 mask of the Dragon (worn) {MR+ Slay+3 SInv}
   (You found it on level 4 of the Dungeon)

   It affects your accuracy and damage with ranged weapons and melee attacks
   (+3).
   It affects your resistance to hostile enchantments.
   It lets you see invisible.
Jewellery
 q - an amulet of regeneration (around neck)
Scrolls
 e - 3 scrolls of remove curse
 g - a scroll of immolation {unknown}
 i - a scroll of teleportation {unknown}
 l - 2 scrolls of identify
 m - a scroll of fear
 o - a scroll of brand weapon {unknown}
Potions
 d - a potion of ambrosia
 k - a potion of curing
 n - a potion of lignification
Books
 b - a book of Necromancy

   Spells                             Type                      Level
   a - Pain                           Necromancy                   1
   b - Animate Skeleton               Necromancy                   1
   c - Vampiric Draining              Necromancy                   3
   d - Regeneration                   Charms/Necromancy            3
   e - Animate Dead                   Necromancy                   4
   f - Borgnjor's Vile Clutch         Necromancy/Earth             5
 s - a book of Battle

   Spells                             Type                      Level
   a - Infusion                       Charms                       1
   b - Shroud of Golubria             Charms/Translocation         2
   c - Song of Slaying                Charms                       2
   d - Spectral Weapon                Hexes/Charms                 3
   e - Regeneration                   Charms/Necromancy            3
Comestibles
 c - 8 rations


   Skills:
 + Level 2.8(2.6) Fighting
 + Level 2.8(2.6) Short Blades
 + Level 2.8(2.6) Long Blades
 + Level 2.8(2.6) Axes
 + Level 2.8(2.6) Maces & Flails
 + Level 2.8(2.6) Polearms
 + Level 2.8(2.6) Staves
 + Level 2.8(2.6) Slings
 + Level 2.8(2.6) Bows
 + Level 2.8(2.6) Crossbows
 + Level 2.8(2.6) Throwing
 + Level 2.8(2.6) Armour
 + Level 5.4(5.2) Dodging
 + Level 5.1(4.9) Stealth
 + Level 2.8(2.6) Shields
 + Level 2.8(2.6) Unarmed Combat
 + Level 5.8(5.6) Spellcasting
 + Level 2.3(2.1) Conjurations
 + Level 2.3(2.1) Hexes
 + Level 2.3(2.1) Charms
 + Level 2.3(2.1) Summonings
 + Level 7.5(7.3) Necromancy
 + Level 2.3(2.1) Translocations
 + Level 2.3(2.1) Transmutations
 + Level 2.3(2.1) Fire Magic
 + Level 2.3(2.1) Ice Magic
 + Level 2.3(2.1) Air Magic
 + Level 2.3(2.1) Earth Magic
 + Level 2.3(2.1) Poison Magic
 + Level 3.1(2.9) Invocations
 + Level 2.8(2.6) Evocations


You had 3 spell levels left.
You knew the following spells:

 Your Spells              Type           Power        Failure   Level  Hunger
a - Pain                  Necr           ####         1%          1    None
b - Vampiric Draining     Necr           #####.....   1%          3    ##.....
c - Regeneration          Chrm/Necr      ####......   4%          3    ##.....
d - Borgnjor's Vile Clut  Necr/Erth      ####......   36%         5    #####..
e - Spectral Weapon       Hex/Chrm       ##......     13%         3    ##.....


Dungeon Overview and Level Annotations

Branches:
Dungeon (8/15)             Temple (1/1) D:5
   Lair: D:8-11

Altars:
Cheibriados
Elyvilon
Fedhas
Hepliaklqana
Kikubaaqudgha
Nemelex Xobeh
Ru
Sif Muna
Trog
Uskayaw
Xom
Yredelemnul
The Shining One

Annotations:
D:2 Terence


Innate Abilities, Weirdness & Mutations

Your experience applies equally to all skills.
You have very sharp teeth.
Your uncanny sense of smell can sniff out nearby items.


Message History

* * * LOW HITPOINT WARNING * * *
The killer bee barely misses you. x2; The killer bee stings you!
* * * LOW HITPOINT WARNING * * *
The killer bee stings you.
* * * LOW HITPOINT WARNING * * *
You are more poisoned.
The killer bee poisons you! The killer bee completely misses you.
Unknown command.
Unknown command.
Okay, then.
Unknown command.
You feel much better.
You feel sick. The killer bee stings you!
* * * LOW HITPOINT WARNING * * *
The killer bee stings you.
* * * LOW HITPOINT WARNING * * *
The killer bee stings you!
* * * LOW HITPOINT WARNING * * *
You are more poisoned.
The killer bee poisons you! The killer bee stings you!
You die...

#.# #......###.### #..
##.....####....
#..####.....####...##
##............#.....##
###...................##
........[...#..........#
#........##....##.....
#..y....##...####....
#..y@................
#..yy........#######.
................# ## #.
#...............# ## #.
#....#............+_ ..
....##..###.....###+ ##.
#... ##.# ##....# #. #..
#.. ##...# #. #.... ..


You could see 4 killer bees.

Vanquished Creatures
  A hungry ghost (D:8)
  A water moccasin (Temple)
  An orc warrior (D:6)
  A bullfrog (D:6)
  A scorpion (D:7)
  2 crimson imps
  2 orc priests
  3 hounds
  A jelly (D:7)
  3 orc wizards (D:5)
  An iguana (D:6)
  A shadow imp (D:6)
  An ooze (D:3)
  A worm (D:5)
  A dart slug (D:1)
  A leopard gecko (D:4)
  9 orcs
  3 bats
  4 giant cockroaches
  5 goblins
  3 jackals
  A quokka (D:6)
  A ball python (D:7)
  3 kobolds
  A leopard gecko zombie (D:6)
  2 rats
  A spectral orc (D:8)
55 creatures vanquished.

Notes
Turn   | Place    | Note
-------+----------+-------------------------------------------
     0 | D:1      | 4thArraOfDagon the Gnoll Necromancer began the quest for the Orb.
     0 | D:1      | Reached XP level 1. HP: 13/13 MP: 6/6
   124 | D:1      | Reached XP level 2. HP: 11/19 MP: 3/7
   196 | D:2      | 4thArraOfDagon: did you get like regen amu?
   267 | D:2      | Noticed Terence
   327 | D:4      | Found the +0 mask of the Dragon {MR+ Slay+3 SInv}
   333 | D:4      | ofc
   358 | D:4      | Found a hide-covered altar of Uskayaw.
   451 | D:5      | Entered Level 5 of the Dungeon
   487 | D:4      | Reached XP level 3. HP: 15/25 MP: 7/9
   492 | D:4      | Learned a level 3 spell: Vampiric Draining
   496 | D:4      | Learned a level 3 spell: Regeneration
   534 | D:4      | Found a bloodstained altar of Trog.
   586 | D:5      | Found a staircase to the Ecumenical Temple.
   586 | D:5      | Noticed a water moccasin
   587 | D:5      | ofc
   588 | D:5      | Noticed an ice beast
   592 | Temple   | Entered the Ecumenical Temple
   594 | Temple   | Killed a water moccasin
   594 | Temple   | Reached skill level 1 in Fighting
   594 | Temple   | Reached skill level 1 in Short Blades
   594 | Temple   | Reached skill level 1 in Long Blades
   594 | Temple   | Reached skill level 1 in Axes
   594 | Temple   | Reached skill level 1 in Maces & Flails
   594 | Temple   | Reached skill level 1 in Polearms
   594 | Temple   | Reached skill level 1 in Staves
   594 | Temple   | Reached skill level 1 in Slings
   594 | Temple   | Reached skill level 1 in Bows
   594 | Temple   | Reached skill level 1 in Crossbows
   594 | Temple   | Reached skill level 1 in Throwing
   594 | Temple   | Reached skill level 1 in Armour
   594 | Temple   | Reached skill level 1 in Shields
   594 | Temple   | Reached skill level 1 in Unarmed Combat
   594 | Temple   | Reached skill level 5 in Spellcasting
   594 | Temple   | Reached skill level 1 in Conjurations
   594 | Temple   | Reached skill level 1 in Hexes
   594 | Temple   | Reached skill level 1 in Charms
   594 | Temple   | Reached skill level 1 in Summonings
   594 | Temple   | Reached skill level 1 in Translocations
   594 | Temple   | Reached skill level 1 in Transmutations
   594 | Temple   | Reached skill level 1 in Fire Magic
   594 | Temple   | Reached skill level 1 in Ice Magic
   594 | Temple   | Reached skill level 1 in Air Magic
   594 | Temple   | Reached skill level 1 in Earth Magic
   594 | Temple   | Reached skill level 1 in Poison Magic
   594 | Temple   | Reached skill level 1 in Invocations
   594 | Temple   | Reached skill level 1 in Evocations
   594 | Temple   | Reached XP level 4. HP: 13/32 MP: 0/11
   594 | Temple   | Reached XP level 5. HP: 15/37 MP: 0/12
   647 | Temple   | Became a worshipper of Cheibriados the Contemplative
   726 | D:5      | Found a sacrificial altar of Ru.
   807 | D:5      | Reached XP level 6. HP: 37/44 MP: 1/13
   884 | D:5      | Found a shimmering altar of Xom.
  1008 | D:6      | Reached skill level 5 in Dodging
  1015 | D:6      | Learned a level 5 spell: Borgnjor's Vile Clutch
  1045 | D:6      | Reached XP level 7. HP: 50/50 MP: 15/15
  1079 | D:6      | Reached * piety under Cheibriados
  1248 | D:7      | Reached skill level 5 in Stealth
  1309 | D:8      | Noticed a hungry ghost
  1325 | D:8      | Killed a hungry ghost
  1332 | D:8      | Found a basalt altar of Yredelemnul.
  1357 | D:8      | Learned a level 3 spell: Spectral Weapon
  1365 | D:8      | Found a hazy altar of Hepliaklqana.
  1380 | D:8      | Reached XP level 8. HP: 42/57 MP: 16/16
  1383 | D:8      | Found a deep blue altar of Sif Muna.
  1412 | D:8      | 4thArraOfDagon: how
  1412 | D:8      | Slain by a killer bee

Skill      XL: |  1  2  3  4  5  6  7 |
---------------+----------------------+-----
Fighting       | 1 2 |  2.8
Short Blades   | 1 2 |  2.8
Long Blades    | 1 2 |  2.8
Axes           | 1 2 |  2.8
Maces & Flails | 1 2 |  2.8
Polearms       | 1 2 |  2.8
Staves         | 1 2 |  2.8
Slings         | 1 2 |  2.8
Bows           | 1 2 |  2.8
Crossbows      | 1 2 |  2.8
Throwing       | 1 2 |  2.8
Armour         | 1 2 |  2.8
Shields        | 1 2 |  2.8
Unarmed Combat | 1 2 |  2.8
Spellcasting   | 5 |  5.8
Conjurations   | 1 2 |  2.3
Hexes          | 1 2 |  2.3
Charms         | 1 2 |  2.3
Summonings     | 1 2 |  2.3
Translocations | 1 2 |  2.3
Transmutations | 1 2 |  2.3
Fire Magic     | 1 2 |  2.3
Ice Magic      | 1 2 |  2.3
Air Magic      | 1 2 |  2.3
Earth Magic    | 1 2 |  2.3
Poison Magic   | 1 2 |  2.3
Invocations    | 1 2 3 |  3.1
Evocations     | 1 2 |  2.8
Dodging        | 5 |  5.4
Stealth        | 5 |  5.1
Necromancy     | |  7.5

Action                   |  1- 3 |  4- 6 |  7- 9 || total
-------------------------+-------+-------+-------++-------
Melee: Unarmed           |       |    25 |       ||    25
       Bite              |       |    10 |     4 ||    14
       Broad axe         |       |    25 |    46 ||    71
       Flail             |       |     6 |       ||     6
       Punch             |       |       |     1 ||     1
 Cast: Pain              |    27 |    14 |       ||    41
       Vampiric Draining |     2 |     6 |     5 ||    13
       Regeneration      |       |     1 |       ||     1
  Use: Potion            |       |     1 |     1 ||     2
       Scroll            |       |     4 |     2 ||     6
 Stab: Sleeping          |       |     1 |     3 ||     4
  Eat: Chunk             |       |     1 |     4 ||     5
Armor: Robe              |     1 |     4 |     9 ||    14
Dodge: Dodged            |     9 |    53 |    71 ||   133
